[Event "CCT Chessable Masters D-I 2024"]
[Site "Online"]
[Date "2024.02.03"]
[Round "2"]
[White "Bigfish"]
[Black "Carlsen, Magnus"]
[Result "1-0"]
[ECO "E35"]
[WhiteElo "2802"]
[BlackElo "2830"]
[Annotator "ChessBase"]
[PlyCount "291"]
[EventDate "2024.01.12"]
[EventType "k.o."]
[EventCountry "NET"]
[SourceTitle "playchess.com"]
[Source "ChessBase"]
[SourceQuality "1"]
[TimeControl "600+2"]

1. d4 Nf6 2. c4 e6 3. Nc3 Bb4 4. Qc2 d5 5. cxd5 exd5 6. Bg5 h6 7. Bh4 Nc6 8. e3 g5 9. Bg3 h5 10. h4 Ne4 11. Bh2 Qe7 12. Bb5 Bf5 13. Nge2 gxh4 14. Qb3 O-O-O 15. a3 Bxc3+ 16. bxc3 Rh6 17. Bf4 Rg6 18. f3 Ng5 19. Kf2 h3 20. Ng3 hxg2 21. Nxf5 gxh1=N+ 22. Rxh1 Qd7 23. Bd3 Ne6 24. Bg3 Rdg8 25. Rxh5 Rg5 26. Rh6 Nexd4 27. cxd4 Rxf5 28. f4 Ne7 29. Qc2 Kb8 30. Bh4 f6 31. Rh7 Rxf4+ 32. exf4 Qg4 33. Ke3 Qh3+ 34. Kd2 Qh2+ 35. Kc3 Qxf4 36. Rxe7 Qxh4 37. Qg2 Qg5 38. Qh2 Qc1+ 39. Kb3 a6 40. Bc2 Rc8 41. Qg3 Qg5 42. Qc3 Qf4 43. Qc5 Rd8 44. Rf7 Qd6 45. Kc3 Qxc5+ 46. dxc5 c6 47. Kb4 Rh8 48. Ka5 Ka7 49. Ba4 Rc8 50. Rxf6 Rc7 51. Rh6 Re7 52. Rh5 Rg7 53. Bc2 Rg3 54. Kb4 a5+ 55. Kxa5 Rc3 56. Rh2 Rxc5+ 57. Kb4 Rc4+ 58. Kb3 Rf4 59. Rh7 Rf3+ 60. Kb4 Rf4+ 61. Kb3 Rf3+ 62. Kb4 Kb6 63. Rh6 Rf4+ 64. Kb3 Kc5 65. Rh7 Rf3+ 66. Kb2 Kb6 67. Bd1 Rf2+ 68. Kb3 Rf1 69. Bg4 Rf8 70. a4 Rg8 71. Bf5 Rf8 72. Bd3 Rf3 73. Kc3 Rf4 74. a5+ Kxa5 75. Rxb7 Rh4 76. Be2 Re4 77. Bf1 Rf4 78. Bd3 Rh4 79. Rb8 Rf4 80. Be2 Re4 81. Bh5 Rc4+ 82. Kb3 Rc5 83. Be2 Rc1 84. Bd3 Rh1 85. Kc3 Rh4 86. Bf5 Rc4+ 87. Kd3 Rb4 88. Rc8 Kb6 89. Bd7 Rc4 90. Be8 Kb7 91. Rd8 Kc7 92. Rd7+ Kb6 93. Rd6 Kc7 94. Rh6 Kb6 95. Bf7 Kb5 96. Rh1 Rf4 97. Be8 Rf3+ 98. Kd4 Rf4+ 99. Kd3 Rf3+ 100. Kd2 Rf4 101. Rh6 Rd4+ 102. Kc3 Rc4+ 103. Kd3 Kb6 104. Bg6 Kc5 105. Bf5 Rd4+ 106. Ke3 Rc4 107. Bd7 Kb6 108. Kf3 Kc7 109. Bf5 Kb6 110. Rf6 Kc5 111. Bg6 Kb6 112. Kg3 Kc5 113. Bh5 Re4 114. Bg4 Re7 115. Kf4 Re4+ 116. Kf5 Re7 117. Bh5 d4 118. Bf3 Rc7 119. Ke4 Re7+ 120. Kd3 Re3+ 121. Kd2 Rc3 122. Bxc6 Re3 123. Bd7 Kd5 124. Bg4 Ke5 125. Rf8 Ke4 126. Be2 Ra3 127. Bc4 Re3 128. Ba2 Ke5 129. Bb1 Kd5 130. Bd3 Ke5 131. Kc2 Kd5 132. Rf4 Ke5 133. Rf5+ Kd6 134. Rh5 Rg3 135. Rh8 Re3 136. Rd8+ Ke5 137. Rd7 Rg3 138. Re7+ Kd5 139. Re8 Re3 140. Rc8 Rg3 141. Bc4+ Ke5 142. Re8+ Kd6 143. Kd2 Re3 144. Rg8 Ke5 145. Bd3 Kd5 146. Rg4 1-0

[Event "CCT Chessable Masters D-I 2024"]
[Site "Online"]
[Date "2024.02.03"]
[Round "2"]
[White "Bigfish"]
[Black "Carlsen, Magnus"]
[Result "1/2-1/2"]
[ECO "D36"]
[WhiteElo "2797"]
[BlackElo "2830"]
[Annotator "RC"]
[PlyCount "154"]
[EventDate "2024.01.12"]
[EventType "k.o."]
[EventCountry "NET"]
[SourceTitle "playchess.com"]
[Source "ChessBase"]
[SourceQuality "1"]
[TimeControl "600+2"]

1. d4 Nf6 2. c4 e6 3. Nc3 d5 4. cxd5 exd5 5. Bg5 Be7 6. e3 h6 7. Bh4 O-O 8. Bd3 c6 9. Qc2 Ne8 10. Bg3 Nd6 11. Nf3 Re8 12. O-O Be6 13. Ne2 Qc8 14. Be5 Bf5 15. Ng3 Bxd3 16. Qxd3 Nd7 17. Rac1 Bf8 18. b3 a5 19. a4 Qd8 20. Rfd1 Qb6 21. Bf4 Nf6 22. h4 Rad8 23. Qc2 Nde4 24. Nxe4 Nxe4 25. Ne5 Bd6 26. Re1 Qc7 27. Nd3 Bxf4 28. Nxf4 g5 29. hxg5 hxg5 30. Nd3 Kg7 31. f3 Nd6 32. Ne5 Qe7 33. Kf2 Qf6 34. Rh1 Rh8 35. g4 Rh6 36. Rh5 Rdh8 37. Rch1 Rxh5 38. gxh5 Qf5 39. Qxf5 Nxf5 40. Nd7 f6 41. Nc5 b6 42. Nd7 Kf7 43. Nxb6 Rb8 44. h6 Nh4 45. h7 Kg7 46. Nd7 Rd8 47. Nc5 Kxh7 48. Nb7 Ra8 49. Rc1 Nf5 50. Rxc6 Kg7 51. Rc5 Rh8 52. Rxd5 Rh2+ 53. Kg1 Rg2+ 54. Kxg2 Nxe3+ 55. Kf2 Nxd5 56. Nxa5 Kf7 57. Nc4 Ke6 58. a5 Nb4 59. Nb6 f5 60. Ke3 Kd6 61. Kd2 Kc6 62. Nc4 g4 63. fxg4 fxg4 64. Ke3 g3 65. Kf3 Kd5 66. Kxg3 Kxd4 67. Kf3 Kc5 68. Ke3 Nc6 69. Kd3 Kb4 70. a6 Kb5 71. a7 Nxa7 72. Ne5 Kb4 73. Kc2 Nb5 74. Nd3+ Ka3 75. b4 Nc7 76. Kc3 Nd5+ 77. Kc4 Nxb4 1/2-1/2

[Event "CCT Chessable Masters D-I 2024"]
[Site "Online"]
[Date "2024.02.03"]
[Round "2"]
[White "Martinez Alcantara, Jose Eduardo"]
[Black "Lazavik, Denis"]
[Result "0-1"]
[ECO "C54"]
[WhiteElo "2610"]
[BlackElo "2566"]
[Annotator "ChessBase"]
[PlyCount "50"]
[EventDate "2024.01.12"]
[EventType "k.o."]
[EventCountry "NET"]
[SourceTitle "playchess.com"]
[Source "ChessBase"]
[SourceQuality "1"]
[TimeControl "600+2"]

1. e4 e5 2. Nf3 Nc6 3. Bc4 Bc5 4. c3 Nf6 5. d3 O-O 6. Bg5 Be7 7. Nbd2 Na5 8. Bb5 d6 9. Ba4 a6 10. Bh4 Nh5 11. Bg3 g6 12. b4 Nc6 13. Bb3 Kh8 14. h3 f5 15. Bh2 f4 16. Qe2 Bf6 17. Rg1 Qe7 18. a4 Be6 19. Bc2 d5 20. exd5 Bxd5 21. Ne4 Bg7 22. Nfd2 Nf6 23. f3 Bxe4 24. Nxe4 Nd5 25. Rh1 Nxc3 0-1

[Event "CCT Chessable Masters D-I 2024"]
[Site "Online"]
[Date "2024.02.03"]
[Round "2"]
[White "Martinez Alcantara, Jose Eduardo"]
[Black "Lazavik, Denis"]
[Result "1/2-1/2"]
[ECO "C65"]
[WhiteElo "2610"]
[BlackElo "2566"]
[Annotator "ChessBase"]
[PlyCount "159"]
[EventDate "2024.01.12"]
[EventType "k.o."]
[EventCountry "NET"]
[SourceTitle "playchess.com"]
[Source "ChessBase"]
[SourceQuality "1"]
[TimeControl "600+2"]

1. e4 e5 2. Nf3 Nc6 3. Bb5 Nf6 4. d3 Bc5 5. O-O Nd4 6. Nxd4 Bxd4 7. Ba4 c6 8. c3 Bb6 9. Na3 d6 10. Bc2 Be6 11. Nc4 Bc7 12. Qe2 Qe7 13. a4 h6 14. Ne3 d5 15. Qf3 O-O 16. Nf5 Bxf5 17. Qxf5 Rad8 18. exd5 cxd5 19. Re1 Qd6 20. g3 Rfe8 21. Bd2 Qc6 22. a5 Re6 23. Ba4 Qd6 24. Bb3 Qc6 25. c4 dxc4 26. Bxc4 Re7 27. Be3 a6 28. b4 Nd5 29. Bd2 Qd6 30. Rab1 b5 31. axb6 Bxb6 32. Re2 Bd4 33. b5 axb5 34. Rxb5 Qf6 35. Rxd5 Qxf5 36. Rxd8+ Kh7 37. Rxd4 Qf3 38. Rde4 f6 39. Re1 Rc7 40. R4e3 Qf5 41. Bd5 Qd7 42. Be4+ Kh8 43. R3e2 f5 44. Bg2 Rc2 45. Ba5 Rxe2 46. Rxe2 e4 47. dxe4 Qb5 48. Re3 Qxa5 49. exf5 Qa1+ 50. Bf1 Kg8 51. h4 Kf7 52. Kg2 Qa8+ 53. Kh2 Qa2 54. Be2 Kf6 55. g4 Kf7 56. Kg2 Qd5+ 57. Bf3 Qd4 58. Re4 Qd8 59. g5 hxg5 60. Re6 g4 61. Bxg4 Qd5+ 62. Kh2 Kf8 63. Bh5 g6 64. Bxg6 Qf3 65. Re8+ Kg7 66. Kg1 Qg4+ 67. Kf1 Qc4+ 68. Re2 Qxh4 69. Re3 Qh1+ 70. Ke2 Qd5 71. Re7+ Kf6 72. Re6+ Kg5 73. Re3 Kf6 74. f4 Qg2+ 75. Kd3 Qf1+ 76. Ke4 Qc4+ 77. Kf3 Qf1+ 78. Ke4 Qc4+ 79. Kf3 Qf1+ 80. Ke4 1/2-1/2

[Event "CCT Chessable Masters D-I 2024"]
[Site "Online"]
[Date "2024.02.03"]
[Round "2"]
[White "Lazavik, Denis"]
[Black "Martinez Alcantara, Jose Eduardo"]
[Result "1-0"]
[ECO "E16"]
[WhiteElo "2566"]
[BlackElo "2610"]
[Annotator "ChessBase"]
[PlyCount "87"]
[EventDate "2024.01.12"]
[EventType "k.o."]
[EventCountry "NET"]
[SourceTitle "playchess.com"]
[Source "ChessBase"]
[SourceQuality "1"]
[TimeControl "600+2"]

1. d4 Nf6 2. c4 e6 3. Nf3 b6 4. g3 Bb7 5. Bg2 Bb4+ 6. Bd2 Bxd2+ 7. Qxd2 O-O 8. O-O d6 9. Rd1 Nbd7 10. Qe3 Qe7 11. Nc3 Rfd8 12. Qd3 c5 13. d5 exd5 14. cxd5 a6 15. a4 Re8 16. e3 Bc8 17. h3 Rb8 18. Rab1 Ne5 19. Nxe5 Qxe5 20. e4 g5 21. b4 cxb4 22. Rxb4 a5 23. Rbb1 Nd7 24. Qe3 Nc5 25. f4 gxf4 26. gxf4 Qf6 27. Re1 Bd7 28. e5 Qg6 29. Kh2 Qd3 30. Rbd1 Qxe3 31. Rxe3 Bxa4 32. Rg1 Kh8 33. e6 f5 34. Bf3 Re7 35. Bh5 Be8 36. Bxe8 Rbxe8 37. Nb5 Rd8 38. Nd4 Rf8 39. Rg5 Ne4 40. Nxf5 Nxg5 41. Nxe7 Rxf4 42. Ng6+ hxg6 43. e7 Rf2+ 44. Kg1 1-0

[Event "CCT Chessable Masters D-I 2024"]
[Site "Online"]
[Date "2024.02.04"]
[Round "3"]
[White "Carlsen, Magnus"]
[Black "Lazavik, Denis"]
[Result "0-1"]
[ECO "A29"]
[WhiteElo "2830"]
[BlackElo "2566"]
[Annotator "TA"]
[PlyCount "110"]
[EventDate "2024.01.12"]
[EventType "k.o."]
[EventCountry "NET"]
[SourceTitle "playchess.com"]
[Source "ChessBase"]
[SourceQuality "1"]
[TimeControl "600+2"]

1. c4 Nf6 2. Nc3 e5 3. Nf3 Nc6 4. g3 d5 5. cxd5 Nxd5 6. Bg2 Bc5 7. O-O O-O 8. d3 h6 9. Nxd5 {[%emt 0:00:01] 9.Nxd5 is better than 9.Bd2. A29: English Opening: Four Knights Variation with 4 g3.} Qxd5 10. Bd2 Rd8 11. Qc2 Qd6 12. a3 a5 13. Rac1 Bb6 14. Be3 Be6 15. Bxb6 cxb6 16. Qa4 Bd5 17. e3 $146 ({Predecessor:} 17. Rfe1 Rac8 18. Rc3 Ne7 19. Rec1 Rxc3 20. Rxc3 Bc6 21. Qb3 b5 22. Nd2 a4 23. Qc2 Bxg2 24. Kxg2 {½-½ Maghsoodloo,P (2742)-Lazavik,D (2566) Wch Blitz Samarkand 2023 (16)}) 17... Rac8 18. Rc3 Ne7 19. Rfc1 Rxc3 20. Rxc3 Bc6 21. Qd1 b5 22. Qe1 b4 23. axb4 Nd5 24. Rxc6 bxc6 25. bxa5 c5 (25... Nb4 26. Nxe5 Qxe5 27. Qxb4 $11) 26. Nd2 (26. a6 $1 $11 {remains equal.}) 26... Nb4 $17 27. Nc4 Qxd3 28. Bf1 Qd5 (28... Qc2 {simplifies} 29. Qc3 Qxc3 30. bxc3 Nc6) 29. Qa1 (29. e4 $15 Qd4 30. Qe2) 29... Nd3 30. b3 $2 (30. Qa4) 30... Qf3 $19 31. Qa2 Nc1 $1 32. Nxe5 {[%emt 0:00:02] [#]} Qe4 $1 33. Qa4 (33. Qb2 $2 Rd1 34. f3 Qxe3+ 35. Qf2 Qxe5) 33... Qxe5 34. a6 Qd5 35. a7 Ra8 (35... Nxb3 $2 36. Bc4 Qb7 (36... Qd1+ 37. Kg2 $11) 37. Bxb3 $19) 36. Qb5 Qd8 $2 (36... Nxb3 37. Bc4 Qd1+ 38. Kg2 $11) (36... Qxb3 $19 {and Black stays clearly on top.} 37. Qxc5 Qb1) 37. Qb7 $17 Nxb3 $1 38. Bc4 {[%emt 0:00:20] [#]} Nd2 $1 39. Bxf7+ $2 (39. Qxf7+ Kh8 40. Be2 (40. Bd5 $2 Rxa7 41. Qxa7 Qxd5 $19) 40... c4 (40... Qa5 $2 41. Qd5 $19) 41. Bxc4 Nxc4 42. Qxc4 Rxa7 $19) (39. Bd5 $17 Rxa7 40. Bxf7+ Kf8 41. Qxa7) 39... Kh8 40. Kg2 c4 41. Bg6 $2 ({Don't blunder} 41. Bd5 $2 Rxa7 42. Qc6 c3 $19) (41. Be6) 41... c3 42. Bc2 Qc8 43. Qf7 (43. Qb6 $142) 43... Qc6+ 44. e4 Qb6 45. e5 Qxa7 46. Qf5 Kg8 47. Qh7+ Kf7 48. Qg6+ Kf8 49. e6 Qb7+ 50. Kh3 Qe7 51. Qf5+ Qf6 52. Qd5 Re8 53. Bf5 Kg8 54. e7+ Kh8 55. Qd7 Qxe7 ({Worse is} 55... Rxe7 56. Qd8+) 0-1

[Event "CCT Chessable Masters D-I 2024"]
[Site "Online"]
[Date "2024.02.04"]
[Round "3"]
[White "Lazavik, Denis"]
[Black "Carlsen, Magnus"]
[Result "1/2-1/2"]
[ECO "D45"]
[WhiteElo "2566"]
[BlackElo "2830"]
[Annotator "TA"]
[PlyCount "151"]
[EventDate "2024.01.12"]
[EventType "k.o."]
[EventCountry "NET"]
[SourceTitle "playchess.com"]
[Source "ChessBase"]
[SourceQuality "1"]
[TimeControl "600+2"]

1. d4 Nf6 2. c4 e6 3. Nf3 d5 4. Nc3 c6 5. e3 Nbd7 6. Qc2 Bd6 7. b3 O-O 8. Be2 e5 9. cxd5 cxd5 10. Nb5 Bb4+ 11. Bd2 Bxd2+ 12. Nxd2 a6 13. dxe5 {[%emt 0:00:02] D45: Semi-Slav: 5 e3.} Nxe5 14. Nd4 Bg4 15. f3 Bd7 16. O-O Re8 $146 ({Predecessor:} 16... Rc8 17. Qb2 Qe7 18. Rfd1 Rfe8 19. Nf1 Nc6 20. Nxc6 Bxc6 21. Rd2 g6 22. Rc1 Nh5 {½-½ Pecis,G (2379)-Weber,K (2288) VW-Cup1 final email 2009}) 17. Rfd1 Qb6 18. Nf1 h5 19. Qd2 Rac8 20. Rac1 Rxc1 21. Rxc1 Nc6 22. Kf2 a5 23. Nxc6 bxc6 24. Qd4 Qxd4 25. exd4 Kf8 26. Ne3 Rb8 27. Rc5 Ra8 28. Ke1 Ne8 29. Kd2 Nc7 30. Rc1 Ke7 31. Bd3 g6 32. h4 Ne6 33. Nc2 Kd6 34. g3 Rb8 35. Be2 Ng7 36. Ne3 a4 37. Bd1 Ne6 38. Kc3 axb3 39. Bxb3 Re8 40. Re1 Ra8 41. Nc2 Ng7 42. Ne3 Re8 43. Kd2 Ra8 44. Kc3 Ne8 45. a4 Nc7 46. Nc2 Ne6 47. Rd1 g5 48. Rh1 {[%emt 0:00:05] [#]} (48. Ne3 $11) 48... gxh4 (48... c5 $1 $17 {Strongly threatening ...c4.} 49. dxc5+ (49. hxg5 c4 $17) 49... Nxc5) 49. Rxh4 $11 Rg8 50. Ne3 Nc7 51. Nf1 Bc8 (51... Re8 $11) 52. Bc2 ({White should play} 52. Rxh5 $16 c5 53. dxc5+ Kxc5 54. g4) 52... Re8 $11 53. Rxh5 Re1 54. Bd3 Ra1 55. Rh6+ Ne6 56. Ne3 Ra3+ 57. Kd2 Rxa4 58. Nf5+ Kc7 59. Rf6 Nd8 60. Nh6 Rxd4 61. Ke3 Ra4 62. Nxf7 Nxf7 63. Rxf7+ Kd6 64. Rf6+ Kc5 65. g4 Ra3 66. Ke2 Kd4 67. Rxc6 Bxg4 68. fxg4 Rxd3 69. g5 Rg3 70. g6 Ke5 71. Kf2 Rg5 72. Kf3 Kf5 73. Rd6 $1 Ke5 74. Rc6 Kf5 75. Rd6 Ke5 76. Rc6 $1 1/2-1/2

[Event "CCT Chessable Masters D-I 2024"]
[Site "Online"]
[Date "2024.02.07"]
[Round "4"]
[White "Carlsen, Magnus"]
[Black "Firouzja, Alireza"]
[Result "1-0"]
[ECO "D00"]
[WhiteElo "2830"]
[BlackElo "2759"]
[Annotator "TA"]
[PlyCount "101"]
[EventDate "2024.01.12"]
[EventType "k.o."]
[EventCountry "NET"]
[SourceTitle "playchess.com"]
[Source "ChessBase"]
[SourceQuality "1"]
[TimeControl "600+2"]

1. d4 Nf6 2. Bf4 d5 3. e3 c5 4. c3 Nc6 5. Nd2 e6 6. Bd3 Bd6 7. Bxd6 {[%emt 0:00:01] D00: 1 d4 d5: Unusual lines.} Qxd6 8. f4 cxd4 9. cxd4 O-O 10. Ngf3 b6 11. a3 a5 12. Qe2 Bb7 13. O-O Ne7 14. Rac1 Rac8 15. g4 $146 ({Predecessor:} 15. Nb3 Ne4 16. Rxc8 Rxc8 17. Rc1 Rxc1+ 18. Nxc1 Qc7 19. Nb3 {0-1 Kimsanboyev,A (1636)-Gurbanov,A (2252) IPCA Wch 20th 2021 (7)}) 15... Ne4 16. Ng5 Nxg5 17. fxg5 Rxc1 18. Rxc1 Nc6 19. Ba6 Bxa6 20. Qxa6 Ne7 21. Nf3 Ng6 {[%emt 0:00:08] [#]} (21... e5 $11) 22. Qb7 $1 $16 e5 23. Rc6 Qd8 24. dxe5 (24. Qxb6 Qe8 25. dxe5 Nxe5 26. Nxe5 Qxe5 $11) 24... d4 25. Rd6 (25. Nxd4 $2 Qxg5 (25... Nxe5 $2 26. Rxb6 Nxg4 27. Kh1 $19) 26. Rc3 Qxg4+ 27. Qg2 Qh5 $19 (27... Nxe5 28. Qxg4 Nxg4 29. h3 $17) (27... Qxg2+ 28. Kxg2 Nxe5 29. Nf3 $17)) 25... Qe8 26. Qxb6 (26. exd4 $16 Qb5 27. Qe4 (27. Rxb6 Qe2 $11) 27... Qxb2 28. Qe3) 26... Nxe5 $11 27. Nxe5 (27. Nxd4 $2 {perishes.} Nc4 (27... Nxg4 28. Nc6 $11) 28. Qb3 Nxd6 $19) 27... Qxe5 28. Qxd4 ({Much worse is} 28. Rxd4 Qxe3+ 29. Kg2 Qxg5 $17) 28... Qxg5 29. Kg2 Qb5 30. Kf2 f5 {[%emt 0:00:27] [#]} (30... Qb8 $11 {keeps the balance.}) 31. g5 (31. Rd8 $1 $16) 31... f4 $1 $14 32. Qd5+ Qxd5 33. Rxd5 fxe3+ 34. Kxe3 Rb8 35. Rd2 Rb3+ 36. Ke2 Kf7 37. Kd1 Kg6 (37... Rh3 $1 $14) 38. h4 Kh5 $2 (38... h5 $16) 39. Kc2 $18 Rh3 40. Rd7 Kg6 41. Rd4 (41. Rd5 $18) 41... Kh5 (41... h5 $16 42. gxh6 Kxh6) 42. Ra4 $18 g6 $2 (42... h6 43. gxh6 (43. Rxa5 Rh2+ 44. Kb3 Rxh4 $16) 43... Kxh6 44. Rxa5 Rxh4) 43. Rxa5 $18 Kxh4 $2 (43... Rh2+ 44. Kb1 Rxh4) 44. b4 $18 Kg4 45. a4 Kf4 46. Rc5 h5 47. gxh6 g5 48. b5 Rxh6 49. a5 g4 50. b6 g3 51. b7 1-0

[Event "CCT Chessable Masters D-I 2024"]
[Site "Online"]
[Date "2024.02.07"]
[Round "4"]
[White "Firouzja, Alireza"]
[Black "Carlsen, Magnus"]
[Result "1/2-1/2"]
[ECO "B70"]
[WhiteElo "2759"]
[BlackElo "2830"]
[Annotator "TA"]
[PlyCount "81"]
[EventDate "2024.01.12"]
[EventType "k.o."]
[EventCountry "NET"]
[SourceTitle "playchess.com"]
[Source "ChessBase"]
[SourceQuality "1"]
[TimeControl "600+2"]

1. e4 c5 2. Nf3 d6 3. d4 cxd4 4. Nxd4 Nf6 5. Nc3 g6 6. f3 Nc6 7. Be3 h5 8. Bc4 Bd7 9. Qd2 Nxd4 10. Bxd4 Bh6 11. Be3 Bxe3 12. Qxe3 Rc8 13. Bb3 Qa5 14. O-O-O Qc5 15. Rhe1 b5 (15... Qxe3+ $11 {remains equal.} 16. Rxe3 h4) 16. e5 $16 Qxe3+ 17. Rxe3 dxe5 18. Rxe5 a6 19. a4 (19. Rd6 $16 Rc6 20. Rxc6 Bxc6 21. Rc5) 19... Rb8 (19... bxa4 $1 $14 20. Bxa4 (20. Nxa4 Bb5 $14) 20... Rxc3 21. Rxd7 Nxd7 22. bxc3 e6) 20. axb5 axb5 {[%emt 0:00:02] [#]} 21. Nd5 {[%emt 0:01:12] White has more active pieces.} (21. Rd4 $1 $16) 21... Nxd5 $11 22. Rexd5 Rb7 23. Kd2 e6 24. Rd4 h4 25. Kc3 Ke7 26. Kb4 g5 27. Ra1 Bc6 28. Rd3 Rd7 29. Rxd7+ Bxd7 {[%emt 0:00:02][%mdl 4096] Endgame. KRB-KRB} 30. c4 bxc4 31. Bxc4 h3 32. g3 Bc6 33. Rf1 Kd6 34. Kc3 Rc8 35. f4 Bg2 (35... Bd5 $5 36. b3 $8 gxf4 37. Rxf4 Bxc4 38. Rxc4 Rxc4+ 39. Kxc4 f5 $11) 36. Rf2 g4 (36... Bd5 $5 37. b3 $8 g4 $15) 37. Rd2+ Bd5 38. b3 Ra8 39. f5 Ra1 40. fxe6 fxe6 41. Be2 $1 {[%emt 0:00:12] Weighted Error Value: White=0.12 (very precise) /Black=0.11 (very precise) .  Mistake:       	White=2     	Black=2      Inaccurate:     	White=3     	Black=1      OK:         	White=16    	Black=11     Best:        	White=1     	Black=1      Strong:       	White=1     	---} 1/2-1/2

[Event "CCT Chessable Masters D-I 2024"]
[Site "Online"]
[Date "2024.02.07"]
[Round "4"]
[White "Firouzja, Alireza"]
[Black "Carlsen, Magnus"]
[Result "1-0"]
[ECO "B12"]
[WhiteElo "2759"]
[BlackElo "2830"]
[Annotator "TA"]
[PlyCount "97"]
[EventDate "2024.01.12"]
[EventType "k.o."]
[EventCountry "NET"]
[SourceTitle "playchess.com"]
[Source "ChessBase"]
[SourceQuality "1"]
[TimeControl "600+2"]

1. e4 c6 2. d4 d5 3. e5 Bf5 4. Nf3 e6 5. Be2 a5 (5... Ne7 6. O-O c5 7. dxc5 Nec6 8. c3 Bxc5 9. Bd3 Bg4 10. Nbd2 Nd7 11. Bb5 O-O 12. Bxc6 bxc6 13. h3 Bh5 14. Re1 Qb6 15. Qe2 a5 16. Nf1 Nxe5 17. Qxe5 Bxf2+ 18. Kh2 Bxf3 19. gxf3 Bxe1 20. Qxe1 {0-1 Firouzja,A (2777)-Carlsen,M (2835) Bullet Chess Losers blitz 2023 (6.5)}) 6. a4 {[%emt 0:00:19] B12: Caro-Kann: Advance Variation.} Nd7 7. O-O f6 8. Bf4 $5 {[%emt 0:00:27][%mdl 4] Leaves trodden paths.} Ne7 9. exf6 Nxf6 10. Bd3 Ng6 11. Bg3 Bd6 12. Re1 O-O 13. Nbd2 Bxg3 $146 ({Predecessor:} 13... Bxd3 14. cxd3 Qd7 15. Qb3 Bb4 16. Re2 Nh5 17. Qc2 Nhf4 18. Re3 Rac8 19. Nb3 b6 20. Bxf4 Rxf4 {0-1 Vatsal,S (2269)-Tarhan,A (2388) Abu Dhabi op 29th 2023 (4)}) 14. hxg3 Ng4 15. Nb3 b6 16. Qe2 Qf6 17. Bxf5 (17. c4 {is more complex.} Bxd3 18. Qxd3 Rae8 19. Rad1) 17... exf5 18. Qe6+ Qxe6 19. Rxe6 Rf6 20. Rae1 Rxe6 21. Rxe6 Rc8 22. Nc1 ({White should try} 22. Rd6 $16) 22... f4 $11 23. Nd3 fxg3 24. fxg3 Nf6 25. Nde5 Nxe5 26. Nxe5 c5 (26... b5 $14) 27. Rxb6 $16 cxd4 {[%emt 0:00:02] [#]} 28. Nc6 (28. b4 $1 $16 axb4 29. a5 (29. Rxb4 Kf8 $11)) 28... Kf7 $11 29. Rb7+ Ke8 30. Nxd4 (30. Nxa5 $2 Rxc2 31. Rb8+ Ke7 32. Rb7+ Kd6 33. Rb6+ Kc7 34. Rb7+ Kc8 $19) 30... Rc4 31. c3 Rxa4 32. Rxg7 Ra1+ 33. Kf2 Rb1 34. Rb7 Ne4+ 35. Ke3 Nxc3 36. Kf4 (36. Rxh7 Rxb2 37. g4 Rb4) 36... Na4 37. b3 Re1 38. Kf5 Nc3 39. Rxh7 Rg1 40. Ke6 (40. g4 $16) 40... Kf8 (40... Re1+ $11 41. Kf5 Rf1+ 42. Nf3 Rf2) 41. Nf5 Re1+ 42. Kf6 Ne4+ 43. Kg6 Ke8 44. Re7+ Kd8 45. Re5 Rd1 (45... Re2 $16 {keeps fighting.}) 46. g4 $18 Kd7 47. Ne3 ({Resist} 47. g5 Rd2 48. Ne3 Nc3) 47... Rb1 $2 (47... Re1 48. Nxd5 Kd6) 48. Nxd5 $18 Nc5 (48... Nd6 $142 49. Nf6+ Kc6) 49. Nc3 1-0

[Event "CCT Chessable Masters D-I 2024"]
[Site "Online"]
[Date "2024.02.07"]
[Round "5"]
[White "Carlsen, Magnus"]
[Black "Firouzja, Alireza"]
[Result "1-0"]
[ECO "D00"]
[WhiteElo "2830"]
[BlackElo "2759"]
[Annotator "TA"]
[PlyCount "95"]
[EventDate "2024.01.12"]
[EventType "k.o."]
[EventCountry "NET"]
[SourceTitle "playchess.com"]
[Source "ChessBase"]
[SourceQuality "1"]
[TimeControl "600+2"]

1. d4 Nf6 2. Bg5 d5 3. e3 c5 4. Nd2 Nc6 5. c3 cxd4 6. exd4 h6 7. Bh4 Bf5 {[%emt 0:00:04] Dodges Bd3} 8. Ngf3 {[%emt 0:00:02] The position is equal.} e6 9. Be2 Bd6 10. O-O Qc7 11. Bg3 Bxg3 12. hxg3 h5 13. Re1 g6 14. Nf1 Ng4 15. Qd2 O-O-O 16. b4 Kb8 17. a4 f6 18. Nh4 g5 (18... e5 $11) 19. Nxf5 $16 exf5 20. Bd3 Ne7 (20... f4 $142) 21. f3 Nh6 22. Re6 $36 {[%emt 0:00:00][%mdl 2048] White is in control.} Rhf8 23. Rae1 {[%emt 0:00:03] White is more active.} Nc8 24. a5 Nd6 {[%emt 0:00:24] [#]} (24... Rd6 $16 {was called for.} 25. a6 bxa6 26. Bxa6 Rc6) 25. a6 $1 $18 b6 26. Ne3 Qd7 27. Nxd5 Ne4 28. Rxb6+ (28. fxe4 Qxe6 29. b5 fxe4 $14) 28... axb6 29. fxe4 {[%emt 0:00:00] Threatens to win with b5.} Ka7 $2 (29... Ng4 {keeps fighting.} 30. c4 (30. Nxb6 Qc7 $11) 30... fxe4) 30. b5 {[%emt 0:00:08] And now c4 would win.} fxe4 31. Bxe4 Qxb5 {[%emt 0:00:06] [#]} 32. c4 Qa5 {[%emt 0:00:09] Black is weak on the light squares} 33. Nb4 {[%emt 0:00:13] Intending Nc6+ and mate.} Rc8 34. Nc6+ $2 (34. c5 Rfe8 35. Bf3 Qa4 (35... Rxe1+ $2 36. Qxe1 Rc7 37. Qe8 $18) 36. Nc6+ (36. Bxh5 Rxe1+ 37. Qxe1 Qd7 $16) 36... Kxa6 37. Qd3+ (37. Bxh5 $2 Rxe1+ 38. Qxe1 Rxc6 $19) 37... Kb7) (34. Bd5 {Threatening mate with Re7+.} Rc7 35. Qb2) 34... Rxc6 35. Qxa5 bxa5 36. Bxc6 {[%emt 0:00:01][%mdl 4096] Endgame. KRB-KRN} Nf5 $2 {[%emt 0:00:10] [#] Black cannot hold the game after this.} (36... Kxa6 $16 {is a better chance.} 37. c5 Rb8) 37. d5 $1 {[%emt 0:00:09] White is clearly winning.} Kxa6 38. c5 Rd8 39. Re6 Nd4 {[%emt 0:00:02] aiming for ...Nxc6.} 40. Ba4+ (40. Rxf6 Nxc6 41. dxc6 Kb5 $19) 40... Ka7 (40... Nxe6 $2 {is the wrong capture.} 41. dxe6 Rc8 42. e7) 41. Re7+ ({Inferior is} 41. Rxf6 Rxd5 42. Rf7+ Kb8 $11) 41... Kb8 42. d6 Rc8 43. Re4 Nf5 44. Kf2 Rxc5 45. Re8+ Kb7 46. d7 Rd5 47. d8=Q Rxd8 48. Rxd8 {[%emt 0:00:01] Weighted Error Value: White=0.31/Black=0.43.  Loses game:     	---       	Black=1      Mistake:       	White=1     	Black=4      Inaccurate:     	---       	Black=3      OK:         	White=17    	Black=14     Best:        	White=6     	Black=1      Strong:       	White=2     	---        Brilliant:      	White=1     	---} 1-0